 Dungeon Crawl Stone Soup version 0.27-a0-1308-gc08437e49b (webtiles) character file.

Game seed: 7228518586452274570

62105 pcat the Eclecticist (level 14, -11/87 HPs)
             Began as a Deep Elf Conjurer on June 7, 2021.
             Was an Elder of Vehumet.
             Mangled by a boulder beetle (59 damage)
             ... on level 12 of the Dungeon on June 19, 2021.
             The game lasted 01:23:15 (30728 turns).

pcat the Eclecticist (Deep Elf Conjurer)           Turns: 30728, Time: 01:23:16

Health: -11/87     AC:  9    Str:  4    XL:     14   Next: 63%
Magic:  35/35      EV: 22    Int: 29    God:    Vehumet [****..]
Gold:   598        SH: 13    Dex: 13    Spells: 19/43 levels left

rFire    . . .     SeeInvis +   G - +6 dagger (freeze)
rCold    + . .     Faith    .   o - +3 buckler
rNeg     . . .     Spirit   .   T - +2 robe {rC+}
rPois    .         Reflect  +   (no helmet)
rElec    .         Harm     .   S - +0 cloak
rCorr    .         Rampage  .   D - +2 pair of gloves
Will     +....                  P - +0 pair of boots
Stlth    ++........             d - amulet of reflection
HPRegen  0.24/turn              t - +4 ring of evasion
MPRegen  0.24/turn              J - ring of see invisible

@: no status effects
A: no striking features
a: Renounce Religion


You were on level 12 of the Dungeon.
You worshipped Vehumet.
Vehumet was greatly pleased with you.
You visited 4 branches of the dungeon, and saw 23 of its levels.
You also visited: Trove, Sewer and Ossuary.

You collected 2090 gold pieces.
You spent 1492 gold pieces at shops.

Inventory:

Hand Weapons
 h - a +2 dagger of electrocution
 y - the +9 falchion of Laceration {flame, rF+ rCorr Stlth-}
   (You found it on level 4 of the Lair of Beasts)

   It has been specially enchanted to burn those struck by it, causing extra
   injury to most foes and up to half again as much damage against particularly
   susceptible opponents.
   Big, fiery blades are also staple armaments of hydra-hunters.
   It protects you from fire.
   It protects you from acid and corrosion.
   It makes you less stealthy.
 G - a +6 dagger of freezing (weapon)
Missiles
 i - 477 stones
 r - 5 curare-tipped darts
 u - 4 throwing nets
Armour
 o - a +3 buckler (worn)
 v - +0 swamp dragon scales
 D - a +2 pair of gloves (worn)
 P - a +0 pair of boots (worn)
 S - a +0 cloak (worn)
 T - a +2 robe of cold resistance (worn)
 V - +2 acid dragon scales
Jewellery
 a - the amulet of Hyreshra {Acrobat rC+ Slay+5}
   (You found it in a treasure trove)

   [amulet of the acrobat]

   It increases your evasion while moving and waiting.
   It affects your accuracy and damage with ranged weapons and melee attacks
   (+5).
   It protects you from cold.
 d - an amulet of reflection (around neck)
 e - a +6 ring of strength
 m - the amulet of Wirchiapu {rC- Regen+ Str+3 SInv}
   (You found it in a treasure trove)

   [amulet of regeneration]

   It affects your strength (+3).
   It makes you vulnerable to cold.
   It lets you see invisible.
   It increases your rate of health regeneration.
 q - the amulet "Gautes" {rPois Regen+ Int+2}
   (You found it in a treasure trove)

   [amulet of regeneration]

   It affects your intelligence (+2).
   It protects you from poison.
   It increases your rate of health regeneration.
 t - a +4 ring of evasion (left hand)
 J - a ring of see invisible (right hand)
 K - a +4 ring of slaying
 M - an amulet of the acrobat
 U - an amulet of magic regeneration
 X - a ring of ice
Wands
 f - a wand of flame (109)
 x - a wand of iceblast (29)
 A - a wand of charming (8)
 B - a wand of paralysis (14)
 L - a wand of acid (15)
 W - a wand of digging (6)
Scrolls
 b - 5 scrolls of magic mapping
 g - 2 scrolls of amnesia
 n - 3 scrolls of fog
 s - a scroll of blinking
 H - 5 scrolls of identify
 Q - 2 scrolls of teleportation
Potions
 c - 5 potions of heal wounds
 j - 2 potions of magic
 k - a potion of berserk rage
 l - 10 potions of curing
 p - 2 potions of lignification
 w - 6 potions of brilliance
 z - a potion of invisibility {unknown}
 C - 4 potions of attraction
 F - a potion of haste
 I - a potion of mutation
 N - a potion of ambrosia
 O - 2 potions of flight
 R - 2 potions of resistance
 Z - 2 potions of might
Miscellaneous
 E - a piece from Xom's chessboard (15/15)
 Y - a condenser vane


   Skills:
 * Level 9.7 Fighting
 + Level 13.4 Dodging
 - Level 2.4 Stealth
 - Level 4.0 Shields
 + Level 15.3 Spellcasting
 - Level 13.5 Conjurations
 - Level 11.4 Translocations
 + Level 1.1 Fire Magic
 + Level 1.1 Earth Magic


You had 19 spell levels left.
You knew the following spells:

 Your Spells              Type           Power      Damage    Failure   Level
a - Magic Dart            Conj           100%       1d8       0%          1
b - Searing Ray           Conj           100%       3d7       0%          2
c - Iskenderun's Mystic   Conj/Tloc      76%        2d15      1%          4
d - Shatter               Erth           14%        3d14*     100%        9
e - Ignition              Fire           14%        3d6       100%        8

Your spell library contained the following spells:

 Spells                   Type           Power      Damage    Failure   Level
 Iskenderun's Battlesphe  Conj           79%        2d13      1%          5
 Freeze                   Ice            88%        1d10      1%          1
 Blink                    Tloc           N/A        N/A       1%          2
 Static Discharge         Conj/Air       57%        N/A       1%          2
 Dazzling Flash           Conj/Hex       100%       N/A       1%          3
 Frozen Ramparts          Ice            44%        1d6       1%          3
 Gell's Gravitas          Tloc           36%        N/A       1%          3
 Ignite Poison            Fire/Tmut/Pois 24%        N/A       1%          3
 Inner Flame              Hex/Fire       25%        N/A       1%          3
 Lesser Beckoning         Tloc           36%        N/A       1%          3
 Portal Projectile        Hex/Tloc       100%       N/A       1%          3
 Teleport Other           Tloc           73%        N/A       1%          3
 Fulminant Prism          Conj/Hex       28%        3d14      1%          4
 Hailstorm                Conj/Ice       57%        3d12      1%          4
 Fireball                 Conj/Fire      30%        3d13      1%          5
 Irradiate                Conj/Tmut      28%        3d23      1%          5
 Lightning Bolt           Conj/Air       28%        1d45      1%          5
 Manifold Assault         Tloc           73%        N/A       1%          5
 Corona                   Hex            24%        N/A       2%          1
 Summon Small Mammal      Summ           88%        N/A       2%          1
 Call Imp                 Summ           22%        N/A       3%          2
 Slow                     Hex            22%        N/A       3%          2
 Starburst                Conj/Fire      30%        8x6d9     4%          6
 Call Canine Familiar     Summ           22%        N/A       6%          3
 Ozocubu's Armour         Ice            22%        N/A       6%          3
 Summon Guardian Golem    Hex/Summ       22%        N/A       6%          3
 Yara's Violent Unravell  Hex/Tmut       11%        3d6       16%         5
 Leda's Liquefaction      Hex/Erth       12%        N/A       17%         4
 Petrify                  Tmut/Erth      25%        N/A       17%         4
 Cause Fear               Hex            11%        N/A       22%         4
 Summon Ice Beast         Ice/Summ       22%        N/A       22%         4
 Summon Lightning Spire   Summ/Air       22%        N/A       22%         4
 Alistair's Intoxication  Tmut/Pois      14%        N/A       52%         5
 Metabolic Englaciation   Hex/Ice        11%        N/A       52%         5
 Silence                  Hex/Air        11%        N/A       52%         5
 Discord                  Hex            11%        N/A       100%        8
 Polar Vortex             Ice            11%        N/A       100%        9


Dungeon Overview and Level Annotations

Branches:
Dungeon (14/15)            Temple (1/1) D:7            Lair (6/6) D:10
 Shoals (0/4) Lair:3       Spider (0/4) Lair:3        Slime (0/5) Lair:5
    Orc (2/2) D:9             Elf (0/3) Orc:2         Sewer (visited)
Ossuary (visited)
 Vaults: D:13-14

Altars:
Ashenzari
Cheibriados
Dithmenos
Elyvilon
Fedhas
Gozag
Hepliaklqana
Kikubaaqudgha
Makhleb
Nemelex Xobeh
Okawaru
Qazlal
Ru
Sif Muna
Trog
Uskayaw
Vehumet
Wu Jian
Xom
Yredelemnul
Zin
The Shining One
Beogh
Jiyva

Shops:
D:2 (   D:5 ?=(*   Orc:1 (   Orc:2 [?=(

Annotations:
D:13 Rupert
Lair:5 1 runed translucent door


Message History

The efreet slams into the stone wall!
You kill the efreet!
Vehumet accepts your kill.
You feel your power returning.
Something unseen opens the door.
You see here a +0 scimitar of flaming.
You start resting.
Rupert is nearby!
As you read the scroll of teleportation, it crumbles to dust.
You feel strangely unstable.
Rupert asks, "You're a monster, aren't you?"
Rupert roars wildly at you.
You suddenly lose the ability to move!
Rupert roars wildly at you. You resist with significant effort.
Your surroundings suddenly seem different.
You can move again.
There is a stone staircase leading up here.
You can't go down here!
You climb upwards.
There is a stone staircase leading down, spattered with blood here.
Things that are here:
a +0 robe; a +0 dagger
(D) Dungeon (T) Temple (L) Lair (A) Shoals (N) Spider Nest (M) Slime Pits (O) Orcish Mines (E) Elven Halls
Where to? (Enter - D:12, ? - help)
What level of the Lair of Beasts? (default 1, ? - help)
A boulder beetle is nearby!
The boulder beetle curls into a ball and begins rolling!
You block the boulder beetle's attack.
The boulder beetle stops rolling and uncurls.
The boulder beetle leaps!
The boulder beetle curls into a ball and begins rolling!
There is a stone staircase leading up here.
You block the boulder beetle's attack.
The boulder beetle stops rolling and uncurls.
The boulder beetle curls into a ball and begins rolling!
The boulder beetle hits you!!!
Ouch! That really hurt!
You die...

#.....##+####### #...##
#..............# #....#
#..............### #....#
##...............### #.....
#.#######.........#####.....
#. #................... #.
#................... #.
+..°...........°°...
+.B@......##.##.####
#.........#...#.#..#
+.......#.......#..#
#.......#.#...#....#
..........#.##.##....#
...........#..........#
...........#..........#
#..........#.(........#
##.........#..#######..


You could see a boulder beetle (rolling).

Vanquished Creatures
  A dire elephant (Lair:2)
  A boulder beetle (Lair:6)
  10 hydras
  A centaur warrior (D:10)
  3 death yaks (Lair:4)
  6 two-headed ogres
  Sonja (Lair:2)
  Pikel (D:4)
  An oklob plant (D:11)
  An orc sorcerer (Orc:1)
  5 ugly things
  3 manticores
  20 elephants
  A black mamba (Lair:3)
  A gargoyle (D:10)
  A torpor snail (Lair:5)
  Maggie (D:8)
  12 cane toads
  A kobold demonologist (D:10)
  13 komodo dragons
  3 unseen horrors
  An efreet (D:13)
  3 rime drakes
  3 polar bears
  2 trolls
  Prince Ribbit (D:8)
  A snapping turtle (Lair:3)
  3 dream sheep (Lair:5)
  A spriggan (Lair:2)
  A tarantella (shapeshifter) (D:8)
  2 wyverns
  2 redbacks (Lair:3)
  A basilisk (Lair:5)
  A shadow (D:12)
  3 wraiths
  72 yaks
  2 wargs (Orc:1)
  An acid dragon (D:11)
  16 water moccasins
  Purgy (Sewer)
  32 orc warriors
  4 necrophages
  An ice beast (D:6)
  4 black bears
  A sky beast (D:5)
  5 ogres
  5 wolves (Lair:3)
  3 lemures (D:4)
  13 centaurs
  A phantom (D:7)
  4 kobold brigands
  9 bullfrogs
  2 scorpions (D:6)
  A gnoll sergeant (D:10)
  5 killer bees (D:9)
  A vampire bat (Lair:2)
  2 wights (Ossuary)
  4 electric eels
  8 howler monkeys
  3 centaur zombies
  2 bullfrog zombies (D:6)
  A jelly (D:7)
  A hound (D:4)
  Crazy Yiuf (D:4)
  11 orc priests
  2 bullfrog skeletons
  A gnoll shaman (D:5)
  A centaur skeleton (D:7)
  Ijyb (D:4)
  5 iguanas
  20 orc wizards
  A hound skeleton (D:5)
  12 gnolls
  7 adders
  A river rat (D:3)
  2 white imps
  An ufetubus (D:7)
  An adder zombie (Ossuary)
  4 worms
  3 dart slugs
  57 orcs
  11 ball pythons
  9 bats
  2 endoplasms
  3 giant cockroaches
  6 hobgoblins
  11 jackals
  11 kobolds
  A quokka (D:1)
  A ball python skeleton (Ossuary)
  7 frilled lizards
  6 goblins
  2 hobgoblin zombies (Ossuary)
  2 kobold zombies (Ossuary)
  An orc skeleton (Ossuary)
  2 orc zombies (Ossuary)
  5 rats
527 creatures vanquished.

Vanquished Creatures (others)
  135 fungi
  171 plants
306 creatures vanquished.

Grand Total: 833 creatures vanquished

Notes
Turn   | Place    | Note
-------+----------+-------------------------------------------
     0 | D:1      | pcat the Deep Elf Conjurer began the quest for the Orb.
     0 | D:1      | Reached XP level 1. HP: 10/10 MP: 6/6
   260 | D:1      | Reached XP level 2. HP: 15/15 MP: 4/8
   322 | D:1      | Learned a level 2 spell: Searing Ray
   946 | D:1      | Found a faded altar of an unknown god.
   960 | D:1      | Reached XP level 3. HP: 20/20 MP: 7/10
  1187 | D:2      | Reached skill level 4 in Spellcasting
  1187 | D:2      | Reached skill level 5 in Conjurations
  1285 | D:2      | Reached skill level 1 in Fighting
  1285 | D:2      | Reached XP level 4. HP: 25/25 MP: 4/12
  1404 | D:2      | Learned a level 4 spell: Iskenderun's Mystic Blast
  1699 | D:2      | Found Wuvaodeo's Weapon Shop.
  2233 | D:3      | Reached skill level 5 in Spellcasting
  2233 | D:3      | Reached XP level 5. HP: 29/29 MP: 7/14
  2600 | D:3      | Found a glowing drain.
  2608 | D:3      | Found a basalt altar of Yredelemnul.
  2615 | Sewer    | Entered a sewer
  2652 | Sewer    | Noticed Purgy
  2663 | Sewer    | Killed Purgy
  2857 | Sewer    | Reached XP level 6. HP: 35/35 MP: 14/16
  3269 | D:3      | Reached skill level 6 in Spellcasting
  3860 | D:4      | Noticed Ijyb
  3868 | D:4      | Killed Ijyb
  4528 | D:4      | Found a runed translucent door.
  4529 | D:4      | Noticed Crazy Yiuf
  4695 | D:4      | Reached XP level 7. HP: 40/40 MP: 15/19
  4771 | D:4      | Noticed Pikel
  4785 | D:4      | Killed Pikel
  4786 | D:4      | Reached skill level 1 in Shields
  4786 | D:4      | Reached skill level 8 in Spellcasting
  5098 | D:4      | Killed Crazy Yiuf
  5099 | D:4      | Reached XP level 8. HP: 46/46 MP: 14/22
  5187 | D:5      | Entered Level 5 of the Dungeon
  5525 | D:5      | Reached skill level 1 in Translocations
  5569 | D:5      | Found Xudoerog's Magic Scroll Shoppe.
  5576 | D:5      | Bought a scroll of identify for 30 gold pieces
  5840 | D:5      | Found Ajith's Jewellery Boutique.
  5895 | D:5      | Found Atepsig's General Store.
  6009 | D:5      | Found Qymed's Antique Weapon Emporium.
  6022 | D:5      | Reached skill level 9 in Spellcasting
  6232 | D:6      | Found a sand-covered staircase.
  6241 | Ossuary  | Entered an ossuary
  6469 | Ossuary  | Noticed a flying skull
  6480 | Ossuary  | Noticed a flying skull
  6503 | Ossuary  | Noticed a flying skull
  6504 | Ossuary  | Noticed a flying skull
  6609 | Ossuary  | Noticed a flying skull
  6770 | Ossuary  | Reached XP level 9. HP: 52/52 MP: 19/24
  7747 | D:6      | Found an iron altar of Okawaru.
  7873 | D:6      | Found a shimmering blue altar of Sif Muna.
  8034 | D:6      | Reached skill level 10 in Spellcasting
  8400 | D:7      | Found a staircase to the Ecumenical Temple.
  8614 | Temple   | Entered the Ecumenical Temple
  8633 | Temple   | Became a worshipper of Vehumet
  9262 | Temple   | Upgraded the game from 0.27-a0-1228-gfd60fd639a to
                  | 0.27-a0-1232-gc6a4cbde82
 10116 | D:8      | Noticed Maggie
 10131 | D:8      | Killed Maggie
 10311 | D:8      | Noticed Prince Ribbit
 10321 | D:8      | Killed Prince Ribbit
 10322 | D:8      | Reached skill level 5 in Translocations
 10843 | D:8      | Reached XP level 10. HP: 58/58 MP: 11/26
 11125 | D:8      | Reached * piety under Vehumet
 11125 | D:8      | Offered knowledge of Sandblast by Vehumet.
 11450 | D:9      | Reached skill level 11 in Spellcasting
 11450 | D:9      | Reached skill level 10 in Conjurations
 11674 | D:9      | Found a white marble altar of Elyvilon.
 11676 | D:9      | Found a hide-covered altar of Uskayaw.
 11678 | D:9      | Found an ornate altar of the Wu Jian Council.
 12022 | D:9      | Noticed a two-headed ogre
 12034 | D:9      | Killed a two-headed ogre
 12035 | D:9      | Reached skill level 5 in Dodging
 12460 | D:9      | Found a staircase to the Orcish Mines.
 12737 | D:9      | Found a stormy altar of Qazlal.
 12737 | D:9      | Found a glowing golden altar of the Shining One.
 12780 | D:9      | Upgraded the game from 0.27-a0-1232-gc6a4cbde82 to
                  | 0.27-a0-1281-ge233d83751
 12793 | D:10     | Entered Level 10 of the Dungeon
 13034 | D:10     | Noticed a two-headed ogre
 13034 | D:10     | Noticed a gargoyle
 13045 | D:10     | Killed a gargoyle
 13046 | D:10     | Reached skill level 5 in Fighting
 13102 | D:10     | Offered knowledge of Static Discharge by Vehumet.
 13104 | D:10     | Killed a two-headed ogre
 13105 | D:10     | Reached skill level 12 in Spellcasting
 13105 | D:10     | Reached XP level 11. HP: 18/63 MP: 15/29
 13368 | D:10     | Reached ** piety under Vehumet
 13592 | D:10     | Noticed a centaur warrior
 13598 | D:10     | Killed a centaur warrior
 14286 | D:10     | Found a staircase to the Lair.
 14579 | D:11     | Noticed a two-headed ogre
 14585 | D:11     | Killed a two-headed ogre
 14662 | Lair:1   | Entered Level 1 of the Lair of Beasts
 14669 | Lair:1   | Noticed a seven-headed hydra
 14815 | Lair:1   | Killed a seven-headed hydra
 15110 | Lair:1   | Reached skill level 13 in Spellcasting
 15129 | Lair:1   | Offered knowledge of Ignite Poison by Vehumet.
 15517 | Lair:1   | Reached XP level 12. HP: 69/69 MP: 27/31
 16404 | Lair:2   | Reached *** piety under Vehumet
 17549 | Lair:2   | Noticed a five-headed hydra
 17575 | Lair:2   | Noticed a dire elephant
 17697 | Lair:2   | Killed a dire elephant
 17800 | Lair:1   | Upgraded the game from 0.27-a0-1281-ge233d83751 to
                  | 0.27-a0-1287-gca74d27db6
 18065 | Lair:2   | Offered knowledge of Conjure Flame by Vehumet.
 18143 | Lair:2   | Killed a five-headed hydra
 18144 | Lair:2   | Reached skill level 10 in Dodging
 18406 | Lair:2   | Noticed Sonja
 18591 | Lair:1   | Reached skill level 14 in Spellcasting
 18613 | Lair:2   | Reached skill level 10 in Translocations
 18750 | Lair:2   | Killed Sonja
 19190 | Lair:3   | Reached XP level 13. HP: 76/76 MP: 24/33
 19728 | Lair:3   | You fall into a shaft and drop 3 floors!
 19728 | Lair:6   | Entered Level 6 of the Lair of Beasts
 19739 | Lair:6   | Reached **** piety under Vehumet
 20438 | Lair:5   | Offered knowledge of Frozen Ramparts by Vehumet.
 21511 | Lair:5   | Found a runed translucent door.
 21512 | Lair:5   | Found a viscous altar of Jiyva.
 21512 | Lair:5   | Found a staircase to the Slime Pits.
 22056 | Lair:5   | You fall into a shaft and drop 1 floor!
 22357 | Lair:5   | Identified the +7 hunting sling "Ohyn" {venom, rPois}
 22982 | Lair:3   | Found a staircase to the Shoals.
 23305 | Lair:3   | Found a hole to the Spider Nest.
 23681 | Lair:4   | Reached ***** piety under Vehumet
 23681 | Lair:4   | Offered knowledge of Conjure Ball Lightning by Vehumet.
 23688 | Lair:4   | Identified the +9 falchion of Laceration {flame, rF+ rCorr
                  | Stlth-}
 23727 | Lair:4   | You fall into a shaft and drop 2 floors!
 23741 | Lair:6   | Reached XP level 14. HP: 72/84 MP: 29/34
 24751 | Lair:4   | Upgraded the game from 0.27-a0-1287-gca74d27db6 to
                  | 0.27-a0-1308-gc08437e49b
 24765 | Lair:4   | Reached skill level 15 in Spellcasting
 25230 | Orc:1    | Entered Level 1 of the Orcish Mines
 25580 | Orc:2    | Entered Level 2 of the Orcish Mines
 25603 | Orc:2    | Found a staircase to the Elven Halls.
 26352 | Orc:2    | Offered knowledge of Iskenderun's Battlesphere by Vehumet.
 26405 | Orc:1    | Found Rorimm's Weapon Emporium.
 26958 | Orc:2    | Found Zeangoru's Magic Scroll Shop.
 26958 | Orc:2    | Found Ifraumi's Jewellery Shoppe.
 27002 | Orc:2    | Found Qyaredgh's Antique Weapon Emporium.
 27004 | Orc:2    | Found Berag's Antique Armour Boutique.
 27009 | Orc:2    | Bought an amulet of magic regeneration for 450 gold pieces
 28113 | D:11     | You fall into a shaft and drop 2 floors!
 28908 | D:12     | Found a portal to a secret trove of treasure.
 29159 | D:2      | Bought the +8 fustibalus of Beogh's Esteem {vorpal, rPois
                  | SInv} for 1012 gold pieces
 29355 | D:12     | You paid a toll of fustibalus of Beogh's Esteem to enter a
                  | treasure trove
 29356 | Trove    | Entered a treasure trove
 29422 | Trove    | Identified the Volume of Enchanting Shape Shifting
 29436 | Trove    | Learned a level 9 spell: Shatter
 29445 | Trove    | Learned a level 8 spell: Ignition
 29463 | Trove    | Identified the amulet of Hyreshra {Acrobat rC+ Slay+5}
 29482 | Trove    | Identified the amulet "Gautes" {rPois Regen+ Int+2}
 29485 | Trove    | Identified the amulet of Wirchiapu {rC- Regen+ Str+3 SInv}
 29745 | D:11     | Found a blossoming altar of Fedhas.
 30034 | D:11     | Identified the +3 rapier of Infinite Pain {antimagic, rC+
                  | Stlth+}
 30407 | D:12     | You fall into a shaft and drop 2 floors!
 30489 | D:13     | Noticed Rupert
 30516 | D:14     | Reached skill level 1 in Earth Magic
 30517 | D:14     | Reached skill level 1 in Fire Magic
 30676 | D:13     | Paralysed by Rupert for 5 turns
 30728 | D:12     | Mangled by a boulder beetle

Illustrated notes

Levels and vault maps discovered:
D:1:      roderic_octagonal_star, layout_loops_ring,
          chequers_ecumenical_altar_simple_redux, chequers_arboretum
D:2:      layout_basic, serial_shops, shop
D:3:      layout_rooms, yredelemnul_altar_generic, cheibrodos_sewer_entry_sluice
D:4:      layout_loops_ring, uniq_pikel, uniq_crazy_yiuf_cottage, uniq_ijyb
D:5:      layout_loops_ring, serial_shops, nicolae_shop_window_shopping, shop,
          shop_statue, shop
D:6:      layout_gridville, kennysheep_little_box, kennysheep_okawaru_gauntlet,
          nicolae_ossuary_entry_monument
D:7:      cheibrodos_helix_gallery, layout_loops_ring,
          minmay_temple_entry_junction
D:8:      layout_gridville, minmay_misc_feat_five, uniq_maggie,
          uniq_prince_ribbit1
D:9:      layout_irregular_city, grunt_temple_overflow_open,
          gammafunk_temple_overflow_pools, david_orc_4
D:10:     layout_loops_ring, david_lair_shrubbed, serial_bayou_pond_b,
          nicolae_sextant
D:11:     layout_basic, tgw_fedhas
D:12:     layout_irregular_city, nicolae_trove_entry_crossroad,
          chequers_serial_rivers_large_b, minmay_fractal_squares_gapless_7
D:13:     layout_stronghold, david_vaults_5, david_defended_altar_orc,
          uniq_rupert
D:14:     layout_grid_maze, enter_bailey_8, nicolae_uskayaw_dance_hall,
          nicolae_lava_and_water
Temple:   eino_temple_water
Lair:1:   layout_chaotic_city, st_stairs_3, lemuel_fruit_tree
Lair:2:   mu_elephants_graveyard, layout_regular_city, roderic_batcave,
          infiniplex_staircase_pool_2, uniq_sonja
Lair:3:   layout_gridlike, minmay_shoals_entry_hut, spider_nest_entry_webs,
          cheibrodos_lair_caveside_slide, grunt_forest_small_clearing_treed
Lair:4:   layout_loops_ring
Lair:5:   layout_cave_pods, slime_altar_2, lemuel_fruit_fields
Lair:6:   wormcave, layout_cellular_growth, lookout_lair_type,
          grunt_megastairs_3
Orc:1:    layout_diamond_mine, serial_shops, nicolae_square_shop
Orc:2:    st_orc_rangers, layout_caves, mines2_david

Skill      XL: |  1  2  3  4  5  6  7  8  9 10 11 12 13 14 |
---------------+-------------------------------------------+-----
Spellcasting   | 4 5 6 8 9 10 12 13 14 15 | 15.3
Conjurations   | 5 6 7 8 9 10 11 12 13 | 13.5
Fighting       | 1 2 3 4 5 7 8 9 |  9.7
Shields        | 1 2 4 |  4.0
Translocations | 3 5 7 8 10 11 | 11.4
Dodging        | 3 6 8 10 12 13 | 13.4
Earth Magic    | 1 |  1.1
Fire Magic     | 1 |  1.1
Stealth        | |  2.4

Action                   |  1- 3 |  4- 6 |  7- 9 | 10-12 | 13-15 || total
-------------------------+-------+-------+-------+-------+-------++-------
Melee: Dagger            |       |       |     1 |    11 |    23 ||    35
 Cast: Magic Dart        |    56 |   166 |   244 |   239 |   249 ||   954
       Searing Ray       |       |     3 |    41 |    71 |    43 ||   158
       Iskenderun's Myst |       |       |     4 |   144 |   254 ||   402
  Use: Scroll            |       |     7 |     9 |     9 |    12 ||    37
       Potion            |       |     3 |       |     1 |     1 ||     5
Armor: Robe              |     1 |     3 |    20 |    36 |    26 ||    86
Dodge: Dodged            |     4 |    22 |    37 |   149 |   165 ||   377
Block: Buckler           |       |     6 |    64 |   153 |   196 ||   419
       Reflection        |       |       |     5 |    13 |    33 ||    51

Table legend: (Time is in decaauts)
 A = Elapsed time spent in this place.
 B = Non-inter-level travel time spent in this place.
 C = Inter-level travel time spent in this place.
 D = Time resting spent in this place.
 E = Time spent auto-exploring this place.
 F = Levels seen in this place.
 G = Mean time per level.
                   A        B        C        D        E       F      G
               +--------+--------+--------+--------+--------+-----+--------+
         Total |  30885 |  29484 |   1401 |   5154 |  19542 |  26 | 1187.9 |
       Dungeon |  16280 |  15242 |   1038 |   2216 |  10881 |  14 | 1162.9 |
        Temple |    662 |    632 |     30 |    416 |    188 |   1 |  662.0 |
          Lair |  10298 |  10095 |    203 |   2051 |   6249 |   6 | 1716.3 |
  Orcish Mines |   2077 |   1949 |    128 |    257 |   1330 |   2 | 1038.5 |
         Trove |    195 |    195 |      0 |      0 |    131 |   1 |  195.0 |
         Sewer |    650 |    650 |      0 |    162 |    263 |   1 |  650.0 |
       Ossuary |    721 |    721 |      0 |     52 |    499 |   1 |  721.0 |
               +--------+--------+--------+--------+--------+-----+--------+

Top non-repeatable levels by time:
  Lair:2: 2543 daAuts
    D:10: 2141 daAuts
  Lair:5: 2070 daAuts
  Lair:1: 1858 daAuts
  Lair:3: 1813 daAuts
     D:9: 1666 daAuts
     D:7: 1640 daAuts
     D:4: 1538 daAuts
    D:11: 1470 daAuts
     D:2: 1399 daAuts
     D:6: 1367 daAuts
   Orc:2: 1210 daAuts
     D:1: 1154 daAuts
     D:5: 1077 daAuts
  Lair:4: 1039 daAuts
